 Dungeon Crawl Stone Soup version 0.28.0-53-g5a82cb258f (webtiles) character file.

Game seed: 2865789795308449120

1808 mrburnz the Basher (level 8, -8/75 HPs)
             Began as a Minotaur Berserker on May 21, 2022.
             Was a Priest of Trog.
             Killed from afar by a gargoyle (22 damage)
             ... with a stone arrow
             ... on level 6 of the Dungeon.
             The game lasted 00:18:40 (6112 turns).

mrburnz the Basher (Minotaur Berserker)             Turns: 6112, Time: 00:18:40

Health: -8/75      AC:  8    Str: 23    XL:     8   Next: 84%
Magic:  7/7        EV:  9    Int:  4    God:    Trog [***...]
Gold:   274        SH:  0    Dex: 17    Spells: 7/7 levels left

rFire   . . .      SeeInvis .   d - +0 flail
rCold   . . .      Faith    +   (no shield)
rNeg    . . .      Spirit   .   c - +0 chain mail
rPois   .          Reflect  .   (helmet restricted)
rElec   .          Harm     .   (no cloak)
rCorr   .          Rampage  .   (no gloves)
Will    .....                   (no boots)
Stlth   ..........              p - amulet of faith
HPRegen 0.22/turn               f - +6 ring of dexterity
MPRegen 0.10/turn               l - +4 ring of slaying

@: no status effects
A: horns 2, retaliatory headbutt
a: Renounce Religion, Berserk, Trog's Hand


You were on level 6 of the Dungeon.
You worshipped Trog.
Trog was most pleased with you.
You visited 1 branch of the dungeon, and saw 6 of its levels.

You collected 274 gold pieces.

Inventory:

Hand Weapons
 d - a +0 flail (weapon)
Armour
 c - a +0 chain mail (worn)
Jewellery
 f - a +6 ring of dexterity (left hand)
 l - a +4 ring of slaying (right hand)
 p - an amulet of faith (around neck)
Wands
 o - a wand of polymorph (1)
Scrolls
 a - a scroll of holy word
 e - a scroll of magic mapping {unknown}
 g - a scroll of enchant weapon {unknown}
 i - a scroll of enchant armour {unknown}
 k - a scroll of noise {unknown}
 m - a scroll of fog
 n - a scroll of brand weapon {unknown}
 r - a scroll of acquirement {unknown}
 t - a scroll of summoning {unknown}
Potions
 b - 2 potions of invisibility
 h - 2 potions of ambrosia {unknown}
 j - a potion of berserk rage {unknown}
 q - 2 potions of curing {unknown}
 s - a potion of lignification {unknown}


   Skills:
 + Level 8.4 Fighting
 + Level 11.8 Maces & Flails
 - Level 2.5 Armour
 - Level 2.4 Dodging


You had 7 spell levels left.
You didn't know any spells.
Your spell library was empty.

Dungeon Overview and Level Annotations

Branches:
Dungeon (6/15)
 Temple: D:4-7

Altars:
Ashenzari
Cheibriados
Elyvilon
Ru

Shops:
D:6 *


Innate Abilities, Weirdness & Mutations

You have a pair of horns on your head.
You reflexively headbutt those who attack you in melee.


Message History

You barely miss the hound.
The hound is heavily wounded.
The hound bites you.
You barely miss the hound. Your headbutt misses the hound.
The hound is heavily wounded.
The hound bites you. The hound bites you but does no damage.
You miss the hound.
The hound is moderately wounded.
The hound barely misses you. You furiously retaliate!
You headbutt the hound!
You kill the hound!
Trog accepts your kill.
t - a scroll labelled JUBYSCHAOTH You now have 274 gold pieces (gained 14).
As you read the scroll labelled SAMITUO KOTAKH, it crumbles to dust.
The scroll dissolves into smoke.
It was a scroll of fog.
You see here 19 stones.
Found a scroll of identify and a leather armour.
A gargoyle comes into view. It is wielding a +0 dire flail.
Found Voaduoq's General Store.
The gargoyle hurls a stone arrow at you.
The stone arrow hits you!
Press: ? - help, v - describe, . - travel
Here: a gargoyle, wielding a +0 dire flail The floor.
The gargoyle hits you with a +0 dire flail!!
You see here a scroll of identify.
You hit the gargoyle. You headbutt the gargoyle!
The gargoyle is heavily damaged.
The gargoyle hurls a stone arrow at you.
The stone arrow hits you!
You hit the gargoyle but do no damage.
The gargoyle is heavily damaged.
The gargoyle hurls a stone arrow at you.
The stone arrow hits you!!
* * * LOW HITPOINT WARNING * * *
You hit the gargoyle but do no damage.
The gargoyle is heavily damaged.
The gargoyle hurls a stone arrow at you.
The stone arrow hits you!!
You die...

#. .## .. #. ...### .
#.. .## #. #.≈≈≈#
.###.. .... #. ##≈≈≈≈≈
..... #..# #.
..≈≈∩≈≈##..# #...##.
#.≈≈.≈≈....## #....)
#..≈.≈9..[..# #...(.
#...@...# #.....
###.....# #....(
#.......# #.....
.#.##....# #.....
.........############.
..######...............
..# ################ ..


You could see a gargoyle.

Vanquished Creatures
  Pikel (D:4)
  Eustachio (D:4)
  The ghost of firemarshallily the Chiller, an amateur MfIE of Makhleb (D:4)
  2 ice beasts
  3 ogres
  2 lemures (D:4)
  2 scorpions
  A water moccasin zombie (D:5)
  2 water moccasin skeletons (D:4)
  A hound (D:6)
  A gnoll shaman (D:4)
  A centaur skeleton (D:5)
  3 iguanas
  10 gnolls
  8 adders
  A white imp (D:5)
  2 worms
  A dart slug (D:5)
  3 orcs
  7 ball pythons
  3 bats
  7 endoplasms
  2 giant cockroaches
  7 goblins
  10 hobgoblins
  2 jackals (D:4)
  11 kobolds
  3 quokkas
  A frilled lizard (D:3)
  9 rats
108 creatures vanquished.

Notes
Turn   | Place    | Note
-------+----------+-------------------------------------------
     0 | D:1      | mrburnz the Minotaur Berserker began the quest for the Orb.
     0 | D:1      | Reached XP level 1. HP: 19/19 MP: 0/0
   525 | D:1      | Reached XP level 2. HP: 27/27 MP: 1/1
   561 | D:1      | Reached skill level 4 in Maces & Flails
  1369 | D:1      | Reached XP level 3. HP: 25/33 MP: 2/2
  1509 | D:1      | Found a faded altar of an unknown god.
  1657 | D:2      | Reached ** piety under Trog
  2181 | D:2      | Reached skill level 5 in Maces & Flails
  2278 | D:2      | Reached XP level 4. HP: 40/41 MP: 3/3
  2676 | D:3      | Found a snail-covered altar of Cheibriados.
  2798 | D:3      | Noticed a scorpion
  2805 | D:3      | Killed a scorpion
  2806 | D:3      | Reached skill level 6 in Maces & Flails
  2806 | D:3      | Reached XP level 5. HP: 47/47 MP: 4/4
  3542 | D:4      | Noticed Eustachio
  3591 | D:4      | Killed Eustachio
  3592 | D:4      | Reached skill level 5 in Fighting
  3592 | D:4      | Reached skill level 7 in Maces & Flails
  3592 | D:4      | Reached XP level 6. HP: 56/56 MP: 5/5
  3678 | D:4      | Noticed an ice beast
  3685 | D:4      | Killed an ice beast
  3691 | D:4      | Reached skill level 8 in Maces & Flails
  3724 | D:4      | Noticed firemarshallily's ghost (amateur MfIE)
  3725 | D:4      | Found a runed translucent gate.
  3726 | D:4      | Found a runed translucent gate.
  3727 | D:4      | Found a runed translucent gate.
  3784 | D:4      | Reached XP level 7. HP: 51/62 MP: 6/6
  3815 | D:4      | Reached skill level 9 in Maces & Flails
  4172 | D:4      | Reached *** piety under Trog
  4339 | D:4      | Noticed Pikel
  4354 | D:4      | Killed Pikel
  4355 | D:4      | Reached skill level 10 in Maces & Flails
  4355 | D:4      | Reached XP level 8. HP: 73/73 MP: 7/7
  5098 | D:4      | Killed firemarshallily's ghost
  5099 | D:4      | Reached skill level 11 in Maces & Flails
  5188 | D:5      | Entered Level 5 of the Dungeon
  5324 | D:5      | Found a white marble altar of Elyvilon.
  5410 | D:5      | Found a broken altar of Ashenzari.
  5420 | D:5      | Found a sacrificial altar of Ru.
  6104 | D:6      | Found Voaduoq's General Store.
  6104 | D:6      | Noticed a gargoyle
  6112 | D:6      | Killed from afar by a gargoyle

Illustrated notes

Levels and vault maps discovered:
D:1:      minmay_arrival_radiant_lines, layout_loops_ring,
          shapermc_ecumenical_altar_hornbeckon
D:2:      layout_basic
D:3:      layout_basic, overflow_temple_1_default
D:4:      layout_gridville, gammafunk_ghost_split, uniq_eustachio, uniq_pikel
D:5:      layout_cave_pools, mainiacjoe_overflow_tiny_flanked,
          pf_just_have_faith, general_overflow_altar, serial_rivers,
          chequers_serial_rivers_micro_a, chequers_serial_rivers_marsh,
          chequers_serial_rivers_large_a, chequers_serial_rivers_micro_c,
          chequers_serial_rivers_micro_c, corexii_corridor_pit,
          hangedman_abyss_or_decor_stagger
D:6:      layout_rooms, serial_shops, nicolae_shop_waterfront,
          minmay_misc_feat_diagonals, eino_tiny_chamber

Skill      XL: |  1  2  3  4  5  6  7  8 |
---------------+-------------------------+-----
Maces & Flails | 4 5 6 7 8 10 11 | 11.8
Fighting       | 4 5 7 8 |  8.4
Armour         | |  2.5
Dodging        | |  2.4

Action                   |  1- 3 |  4- 6 |  7- 9 || total
-------------------------+-------+-------+-------++-------
Melee: Mace              |    49 |       |       ||    49
       Headbutt          |    12 |    18 |    27 ||    57
       Punch             |     1 |     1 |     1 ||     3
       Flail             |    27 |    86 |   107 ||   220
Invok: Berserk           |       |     2 |     4 ||     6
  Use: Scroll            |       |       |     3 ||     3
Armor: Animal skin       |     3 |       |       ||     3
       Chain mail        |    57 |    64 |    49 ||   170
Dodge: Dodged            |    50 |    69 |    62 ||   181
